AoeStats
← Eh Low

Arena

509198659Analyzed
3v3 RM · 8d ago on Sep 25, 2026· 17m 56s· 6 players
Game mode
Random Map
Map size
Normal (6 player)
Population
200
Speed
Normal
Resources
Standard
Victory
Conquest
Starting age
Dark Age
Ending age
Imperial Age
RankedLock teamsTeams togetherTeam positionsShared explorationLock speedFull tech treeHidden civsTurbo modeCheats
Victory
Defeat
🇩🇪 Turks · Germany
819
+13
🇩🇪 Slavs · Germany
805
+13
🇩🇪 Saracens · Germany
673
+18
🇲🇽 Bohemians · Mexico
749
-15
🇵🇪 Mapuche · Peru
745
-15
🇧🇾 Vikings · Belarus
731
-14
netboks
11:02 Feudal Age
16:43 Man-at-Arms
CALLATEprr@
1:06 Loom
12:35 Feudal Age
13:03 Double-Bit Axe
15:16 Forging
14:53 Horse Collar
18:10 Castle Age
16:55 Man-at-Arms
17:21 Arson
jeinsgon
1:17 Loom
13:52 Feudal Age
18:23 Castle Age
16:49 Double-Bit Axe
18:40 Wheelbarrow
Eh Low
14:19 Feudal Age
14:31 Loom
18:43 Castle Age
16:33 Double-Bit Axe
16:31 Horse Collar
17:27 Stone Mining
18:17 Bloodlines
18:23 Fletching
De Front-Boeuf
3:00 Loom
13:46 Feudal Age
18:05 Castle Age
16:04 Double-Bit Axe
16:24 Horse Collar
17:18 Stone Mining
Billie Edel
14:18 Feudal Age
14:45 Horse Collar
14:54 Double-Bit Axe
15:08 Gold Mining
16:02 Wheelbarrow
Connection lost

Rejoining the realm…

Still unreachable

The connection could not be restored.

Session expired

The server has moved on; the page needs a fresh start.